 Dungeon Crawl Stone Soup version 0.29-a0-330-g52719c12eb (webtiles) character file.

Game seed: 18054883524211120499

67 Alarak the Chopper (level 4, -1/37 (39) HPs)
             Began as a Hill Orc Monk on Apr 27, 2022.
             Slain by Crazy Yiuf
             ... wielding a +2 quarterstaff of chaos
              (5 damage)
             ... on level 2 of the Dungeon.
             The game lasted 00:03:24 (3456 turns).

Alarak the Chopper (Hill Orc Monk)                  Turns: 3456, Time: 00:03:24

HP:   -1/37 (39)    AC:  7    Str: 15    XL:     4   Next: 18%
MP:   4/4           EV: 10    Int: 10    God:
Gold: 103           SH:  0    Dex: 13    Spells: 3/3 levels left

rFire   . . .      SeeInvis .   i - +3 whip (holy)
rCold   . . .      Faith    .   (no shield)
rNeg    . . .      Spirit   .   h - +0 scale mail
rPois   .          Reflect  .   g - +0 helmet
rElec   .          Harm     .   (no cloak)
rCorr   .          Rampage  .   (no gloves)
Will    .....                   (no boots)
Stlth   ..........              (no amulet)
HPRegen 0.12/turn               (no ring)
MPRegen 0.09/turn               (no ring)

@: lethally poisoned (-1 -> -5), drained
A: no striking features
a: no special abilities


You were on level 2 of the Dungeon.
You visited 1 branch of the dungeon, and saw 2 of its levels.

You collected 103 gold pieces.

Inventory:

Hand Weapons
 a - a +0 hand axe
 i - a +3 whip of holy wrath (weapon)
Armour
 b - a +0 robe
 g - a +0 helmet (worn)
 h - a +0 scale mail (worn)
Potions
 c - 2 potions of ambrosia
 d - 3 potions of brilliance {unknown}
 e - a potion of might
 f - a potion of heal wounds {unknown}
 k - 3 potions of curing {unknown}


   Skills:
 - Level 3.6 Fighting
 + Level 6.5 Axes
 - Level 2.4 Dodging
 - Level 1.5 Stealth


You had 3 spell levels left.
You didn't know any spells.
Your spell library was empty.

Dungeon Overview and Level Annotations

Branches:
Dungeon (2/15)

Altars:

Shops:
D:2 !

Annotations:
D:2 Crazy Yiuf


Message History

You finish putting on your +0 scale mail.
You see here a +0 vampiric scythe.
There is a stone staircase leading down here.
Crazy Yiuf shouts!
Crazy Yiuf grits, "Whippet high horse!"
Could not explore, unopened runed door.
Could not explore, unopened runed door.
You open the door.
Crazy Yiuf cries, "Hah!
Castle light koolooloo."
You closely miss Crazy Yiuf. Crazy Yiuf barely misses you.
You closely miss Crazy Yiuf.
Crazy Yiuf hits you with a +2 quarterstaff of chaos!
You feel drained.
You closely miss Crazy Yiuf.
Crazy Yiuf hits you with a +2 quarterstaff of chaos!
You are poisoned.
You hit Crazy Yiuf.
Crazy Yiuf is moderately wounded.
You feel very sick.
You completely miss Crazy Yiuf.
Crazy Yiuf is moderately wounded.
You feel very sick. Crazy Yiuf barely misses you.
You closely miss Crazy Yiuf.
Crazy Yiuf is moderately wounded.
You feel sick. Crazy Yiuf barely misses you.
You hit Crazy Yiuf but do no damage.
Crazy Yiuf is moderately wounded.
You feel sick. Crazy Yiuf completely misses you.
You hit Crazy Yiuf but do no damage.
Crazy Yiuf is moderately wounded.
You feel sick.
Crazy Yiuf hits you with a +2 quarterstaff of chaos.
* * * LOW HITPOINT WARNING * * *
You whack Crazy Yiuf!
Crazy Yiuf is severely wounded.
* * * LOW HITPOINT WARNING * * *
You feel sick.
Crazy Yiuf hits you with a +2 quarterstaff of chaos.
You die...

...###.##.###.##
#.#
#.<.....##.####
### #.#####.####
#.# #.#### #####
#.# #....# #..)#
#.# #.#### #...#
#.# #.# *...*
#.# #.# *#g#*
#.#####.# ##@#
#.......# #.##
######..# ##.#
#..#### #.##
#.....# ##.##
#.##### #.PP##
#.##### #P...#
#.....# #....#
##########..##


You could see Crazy Yiuf.

Vanquished Creatures
  A gnoll (D:1)
  2 adders (D:2)
  4 bats
  An endoplasm (D:1)
  3 goblins
  4 hobgoblins
  4 jackals (D:1)
  4 quokkas
  2 ball pythons
  3 frilled lizards
  7 kobolds
  4 rats
39 creatures vanquished.

Notes
Turn   | Place    | Note
-------+----------+-------------------------------------------
     0 | D:1      | Alarak the Hill Orc Monk began the quest for the Orb.
     0 | D:1      | Reached XP level 1. HP: 19/19 MP: 1/1
   311 | D:1      | Reached XP level 2. HP: 7/26 MP: 2/2
   649 | D:1      | Reached skill level 5 in Axes
  1400 | D:1      | Reached XP level 3. HP: 7/31 MP: 3/3
  1980 | D:2      | Found Wirruav's Distillery.
  2011 | D:2      | Reached skill level 6 in Axes
  2705 | D:2      | Reached XP level 4. HP: 29/39 MP: 4/4
  2872 | D:2      | Found a runed translucent door.
  2873 | D:2      | Noticed Crazy Yiuf
  3456 | D:2      | Slain by Crazy Yiuf

Illustrated notes

Levels and vault maps discovered:
D:1:      lightli_arrival_statuegarden, layout_basic, feat_on_display
D:2:      layout_loops_ring, serial_shops, shop, uniq_crazy_yiuf_cottage

Skill      XL: |  1  2  3 |
---------------+----------+-----
Axes           | 5 6 |  6.5
Fighting       | |  3.6
Dodging        | |  2.4
Stealth        | |  1.5

Action                   |  1- 3 |  4- 6 || total
-------------------------+-------+-------++-------
Melee: Hand axe          |    55 |       ||    55
       Punch             |     1 |       ||     1
       Whip              |    47 |    15 ||    62
  Use: Scroll            |     5 |       ||     5
       Potion            |     1 |       ||     1
 Stab: Sleeping          |     4 |       ||     4
Armor: Robe              |    23 |       ||    23
Dodge: Dodged            |    74 |     5 ||    79

Table legend: (Time is in decaauts)
 A = Elapsed time spent in this place.
 B = Non-inter-level travel time spent in this place.
 C = Inter-level travel time spent in this place.
 D = Time resting spent in this place.
 E = Time spent auto-exploring this place.
 F = Levels seen in this place.
 G = Mean time per level.
                   A        B        C        D        E       F      G
               +--------+--------+--------+--------+--------+-----+--------+
         Total |   3455 |   3292 |    163 |   1284 |   1725 |   2 | 1727.5 |
       Dungeon |   3455 |   3292 |    163 |   1284 |   1725 |   2 | 1727.5 |
               +--------+--------+--------+--------+--------+-----+--------+

Top non-repeatable levels by time:
     D:1: 1841 daAuts
     D:2: 1614 daAuts
